 Dungeon Crawl Stone Soup version 0.23-a0-386-g9c9d49f (webtiles) character file.

163 XanderDroid the Chopper (level 5, -1/47 HPs)
             Began as a Hill Orc Monk on Oct 28, 2018.
             Slain by an ogre
             ... wielding a +0 giant spiked club
              (7 damage)
             ... on level 3 of the Dungeon.
             The game lasted 00:11:13 (2754 turns).

XanderDroid the Chopper (Hill Orc Monk)             Turns: 2754, Time: 00:11:14

Health: -1/47      AC:  9    Str: 15    XL:     5   Next: 44%
Magic:  5/5        EV: 10    Int: 10    God:
Gold:   112        SH:  0    Dex: 13    Spells: 4/4 levels left

rFire    . . .     SeeInvis .   a - +0 hand axe
rCold    . . .     Gourm    .   (no shield)
rNeg     . . .     Faith    .   v - +0 scale mail
rPois    .         Spirit   .   (no helmet)
rElec    .         Reflect  .   i - +0 cloak
rCorr    .         Harm     .   e - +1 pair of gloves
MR       .....                  (no boots)
Stlth    ..........             (no amulet)
HPRegen  0.15/turn              q - ring of attention (curse)
MPRegen  0.09/turn              (no ring)

@: no status effects
A: no striking features
a: no special abilities


You were on level 3 of the Dungeon.
You were not hungry.

You visited 1 branch of the dungeon, and saw 4 of its levels.

You collected 112 gold pieces.

Inventory:

Hand Weapons
 a - a +0 hand axe (weapon)
Armour
 e - a +1 pair of gloves (worn)
 i - a +0 cloak (worn)
 v - a +0 scale mail (worn)
Jewellery
 q - a cursed ring of attention (left hand)
Scrolls
 f - 4 scrolls of remove curse {unknown}
 j - a scroll of enchant armour {unknown}
 k - a scroll of immolation {unknown}
 l - a scroll of fog {unknown}
 n - 2 scrolls of enchant weapon {unknown}
 o - 2 scrolls of amnesia {unknown}
 p - 2 scrolls of teleportation {unknown}
 r - 2 scrolls of magic mapping {unknown}
 w - a scroll of fear {unknown}
 x - a scroll of blinking {unknown}
Potions
 b - 5 potions of curing
 g - a potion of haste {unknown}
 h - a potion of brilliance {unknown}
 m - a potion of ambrosia {unknown}
 s - a potion of degeneration {unknown}
 t - a potion of heal wounds {unknown}
 u - a potion of mutation {unknown}
Comestibles
 c - 8 rations
 d - 4 chunks of flesh


   Skills:
 + Level 4.7 Fighting
 * Level 6.2 Axes
 + Level 2.3 Armour
 - Level 2.4 Dodging
 - Level 1.5 Stealth


You had 4 spell levels left.
You didn't know any spells.
Your spell library was empty.

Dungeon Overview and Level Annotations

Branches:
Dungeon (4/15)
 Temple: D:4-7

Altars:
Ashenzari
Nemelex Xobeh
Trog
Uskayaw

Annotations:
D:3 3 runed doors, Azzok's ghost, amateur DrFE; namelastname112's ghost, amateur DrWz


Message History

The ogre is moderately wounded.
The ogre hits you with a giant spiked club!
You hit the ogre.
The ogre is moderately wounded.
Your scale mail prevents you from hitting the ogre.
The ogre is moderately wounded.
The ogre hits you with a giant spiked club!
* * * LOW HITPOINT WARNING * * *
It was a potion of curing.
You feel better.
The ogre hits you with a giant spiked club!
* * * LOW HITPOINT WARNING * * *
Your scale mail prevents you from hitting the ogre.
The ogre is moderately wounded.
You barely miss the ogre.
The ogre is moderately wounded.
The ogre barely misses you.
You barely miss the ogre.
The ogre is moderately wounded.
The ogre hits you with a giant spiked club!
You die...

#.......# #.......####.###
#.......# #.......####.##
#.......# #.......'.....#
#..)....# #.......#####.#
##.......############.......÷#.#
............................>#.##
####....##.....############..#...
####....##.....########## #......
.........[.....O@.......###......
##########.....########..##......
#.....#########.##......
#.....##............#...
#.....##............#<..
#.....##...)............
#.....##................
######.##...............# #####
##(P⌠.#.##...............#


You could see an ogre.

Vanquished Creatures
  A howler monkey (D:3)
  A hound (D:3)
  2 adders
  An ooze (D:2)
  2 dart slugs
  A worm (D:3)
  3 leopard geckos
  5 orcs (D:3)
  3 giant cockroaches
  7 goblins
  8 hobgoblins
  2 quokkas (D:2)
  A ball python (D:1)
  7 bats
  5 frilled lizards
  7 kobolds
  7 rats
63 creatures vanquished.

Vanquished Creatures (others)
  A withered plant (D:3)
1 creature vanquished.

Grand Total: 64 creatures vanquished

Notes
Turn   | Place    | Note
-------+----------+-------------------------------------------
     0 | D:1      | XanderDroid the Hill Orc Monk began the quest for the Orb.
     0 | D:1      | Reached XP level 1. HP: 19/19 MP: 1/1
   136 | D:1      | Reached XP level 2. HP: 25/27 MP: 2/2
   537 | D:1      | Reached XP level 3. HP: 33/33 MP: 3/3
   709 | D:1      | Reached skill level 1 in Armour
   813 | D:2      | Reached skill level 5 in Axes
  1160 | D:2      | Found a faded altar of an unknown god.
  1314 | D:2      | Found a bloodstained altar of Trog.
  1657 | D:3      | Reached XP level 4. HP: 25/41 MP: 4/4
  1834 | D:3      | Noticed a hand axe
  1844 | D:3      | Noticed a dagger
  1845 | D:3      | Found a hide-covered altar of Uskayaw.
  2019 | D:3      | Found a shattered altar of Ashenzari.
  2433 | D:3      | Found a sparkling altar of Nemelex Xobeh.
  2482 | D:3      | Found a runed gate.
  2483 | D:3      | Found a runed gate.
  2484 | D:3      | Found a runed gate.
  2485 | D:3      | Noticed Azzok's ghost (amateur DrFE)
  2486 | D:3      | Noticed namelastname112's ghost (amateur DrWz)
  2624 | D:3      | Reached XP level 5. HP: 41/47 MP: 5/5
  2671 | D:4      | Noticed an ogre
  2676 | D:3      | Reached skill level 6 in Axes
  2754 | D:3      | Slain by an ogre

Vault maps used:
D:1:      tarquinn_simple_flora_water_f, minmay_octomino_j4
D:2:      old_standard_altar, chequers_ecumenical_altar_twisty,
          chequers_serial_rivers_room_a
D:3:      dancing_weapons_uskayaw, lemuel_crystal_altar,
          gammafunk_ghost_cemetery, first_ration, cheibrodos_ashenzari_chains
D:4:      okawaru_metal_pillars_3

Skill      XL: |  1  2  3  4  5 |
---------------+----------------+-----
Fighting       | 4 |  4.7
Armour         | 1 2 |  2.3
Axes           | 5 6 |  6.2
Dodging        | |  2.4
Stealth        | |  1.5

Action                   |  1- 3 |  4- 6 || total
-------------------------+-------+-------++-------
Melee: Hand axe          |   157 |    97 ||   254
  Use: Potion            |       |     1 ||     1
 Stab: Sleeping          |     1 |       ||     1
  Eat: Chunk             |     2 |     4 ||     6
Armor: Robe              |     5 |       ||     5
       Leather armour    |    22 |       ||    22
       Scale mail        |    27 |    48 ||    75
Dodge: Dodged            |    84 |    56 ||   140

Table legend:
 A = Non-vault XP
 B = Vault XP
 C = Vault XP percentage of total XP
 D = Non-vault monster count
 E = Vault monster count
 F = Vault count percentage of total count
                 A         B        C        D         E       F
            +---------+---------+-------+---------+---------+-------
      Total |     229 |       4 |   1.7 |      60 |       3 |   4.8
            +---------+---------+-------+---------+---------+-------
        D:1 |      33 |       4 |  10.8 |      19 |       3 |  13.6
        D:2 |      44 |       0 |   0.0 |      17 |       0 |   0.0
        D:3 |     152 |       0 |   0.0 |      24 |       0 |   0.0
            +---------+---------+-------+---------+---------+-------
